[Event ""]
[Site "FICS"]
[Date "2025-03-12"]
[Round "2"]
[White "KTindle"]
[Black "edrobaza"]
[Result "1-0"]
[WhiteElo "1511"]
[BlackElo "1750"]
[TimeControl "2700+45"]
[Time "23:00:38"]
[PlyCount "128"]

1. d4 Nf6
2. Nf3 e6
3. Bg5 c5
4. e3 Bd6
5. g3 O-O
6. Bg2 cxd4
7. exd4 Nc6
8. c3 h6
9. Bxf6 Qxf6
10. O-O Rb8
11. Nbd2 Bc7
12. Re1 Ne7
13. Ne5 Ng6
14. Ndf3 b6
15. Ng4 Qd8
16. Nfe5 Bb7
17. Nxg6 fxg6
18. Ne5 Kh7
19. Qg4 Bxe5
20. dxe5 Bxg2
21. Kxg2 Qc7
22. h4 Qc5
23. Qd4 Qc6+
24. Kg1 Rf5
25. Rad1 Rd8
26. Qe4 Qc7
27. g4 Rff8
28. h5 Qc5
29. Re3 d6
30. Qxg6+ Kh8
31. Qxe6 dxe5
32. Rxd8 Rxd8
33. Qxe5 Rd1+
34. Kg2 Qc6+
35. Qe4 Qb5
36. Qe8+ Qxe8
37. Rxe8+ Kh7
38. Re7 Rd2
39. Rxa7 Rxb2
40. Ra6 b5
41. a4 bxa4
42. Rxa4 Rc2
43. Rc4 Kg8
44. Kg3 Kf7
45. f4 Kf6
46. Kf3 Rc1
47. Rc6+ Kf7
48. Ke4 Rg1
49. Kf5 Rc1
50. Rc7+ Kg8
51. Kg6 Kf8
52. Rxg7 Rxc3
53. Kxh6 Rc6+
54. Rg6 Rc7
55. Rf6+ Kg8
56. Kg5 Rc5+
57. Rf5 Rc7
58. h6 Kh7
59. Kh5 Rc6
60. g5 Re6
61. Rf7+ Kg8
62. g6 Re8
63. h7+ Kh8
64. Kh6 1-0